 Dungeon Crawl Stone Soup version 0.20.0 (webtiles) character file.

128 Llamajah the Shield-Bearer (level 5, -2/42 HPs)
             Began as a Formicid Fighter on June 19, 2017.
             Slain by an iguana (10 damage)
             ... on level 3 of the Dungeon.
             The game lasted 00:05:36 (2088 turns).

Llamajah the Shield-Bearer (Formicid Fighter)       Turns: 2088, Time: 00:05:36

Health: -2/42      AC: 12    Str: 21    XL:     5   Next: 33%
Magic:  5/5        EV:  8    Int:  8    God:
Gold:   194        SH:  9    Dex: 10    Spells: 4/4 levels left

rFire    . . .     SeeInvis +   a - +0 war axe
rCold    . . .     Gourm    .   c - +0 shield
rNeg     . . .     Faith    .   p - +0 plate armour
rPois    .         Spirit   .   (helmet unavailable)
rElec    .         Reflect  .   (no cloak)
rCorr    .         Harm     .   (no gloves)
MR       .....                  v - +0 pair of boots
Stlth    ..........             (no amulet)
Regen    0.2/turn               n - +3 ring of evasion
MPRegen  0.1/turn               (no ring)

@: no status effects
A: permanent stasis, dig shafts and tunnels, four strong arms, antennae 3
a: Dig, Shaft Self


You were on level 3 of the Dungeon.
You were not hungry.

You visited 1 branch of the dungeon, and saw 3 of its levels.

You collected 194 gold pieces.

Inventory:

Hand Weapons
 a - a +0 war axe (weapon)
Armour
 c - a +0 shield (worn)
 p - a +0 plate armour (worn)
 v - a +0 pair of boots (worn)
Jewellery
 n - a +3 ring of evasion (left hand)
Scrolls
 e - 2 scrolls of remove curse {unknown}
 h - a scroll of magic mapping {unknown}
 k - 2 scrolls of noise {unknown}
 l - 6 scrolls of immolation {unknown}
 m - 3 scrolls of identify {unknown}
 r - a scroll of amnesia {unknown}
 s - a scroll of enchant weapon {unknown}
Potions
 d - a potion of might
 g - a potion of degeneration {unknown}
 i - a potion of berserk rage {unknown}
 o - a potion of brilliance {unknown}
 q - a potion of curing {unknown}
 t - a potion of agility {unknown}
 u - a potion of flight {unknown}
Comestibles
 b - a royal jelly
 f - 5 bread rations
 j - a meat ration


   Skills:
 + Level 3.9 Fighting
 + Level 2.8 Axes
 + Level 3.7 Armour
 * Level 2.5 Dodging
 + Level 4.1 Shields


You had 4 spell levels left.
You didn't know any spells.

Dungeon Overview and Level Annotations

Branches:
Dungeon (3/15)

Altars:


Innate Abilities, Weirdness & Mutations

You cannot be hasted, slowed, berserked, paralysed or teleported.
You can dig through walls and to a lower floor.
Your four strong arms can wield two-handed weapons with a shield.
You have a pair of large antennae on your head. (SInv)


Message History

The iguana is moderately wounded.
The iguana bites you.
You closely miss the iguana.
The iguana is moderately wounded.
The iguana bites you. x2
You are too injured to fight recklessly!
You are too injured to fight recklessly!
You are too injured to fight recklessly!
You hit the iguana.
The iguana is moderately wounded.
The iguana bites you!
* * * LOW HITPOINT WARNING * * *
You hit the iguana.
The iguana is severely wounded.
The iguana bites you.
* * * LOW HITPOINT WARNING * * *
You completely miss the iguana.
The iguana is severely wounded.
The iguana bites you!
You die...

### ## #.[
......#####. #>.
............ ... .
........... #.#
.###.#####.## ##.#
..............
..##..##.......###
#l.............###
#.##@###.##..........
#..................##
#.......###........##
#########.#
#........# #...# #.#
#........#
#.#.#####.#
####.....#
###.........# #.#.#.#
#.....#.##### #.#.#.#
###.......# ###.#.#.#


You could see an iguana.

Vanquished Creatures
  6 adders
  An ooze (D:2)
  A dart slug (D:3)
  3 worms
  A leopard gecko (D:1)
  An orc (D:3)
  5 bats
  3 giant cockroaches
  5 goblins
  7 hobgoblins
  6 jackals (D:3)
  4 kobolds
  3 quokkas
  A ball python (D:2)
  3 frilled lizards
  8 rats
58 creatures vanquished.

Notes
Turn   | Place    | Note
-------+----------+-------------------------------------------
     0 | D:1      | Llamajah the Formicid Fighter began the quest for the Orb.
     0 | D:1      | Reached XP level 1. HP: 18/18 MP: 1/1
   258 | D:1      | Reached XP level 2. HP: 24/24 MP: 2/2
   699 | D:2      | Reached skill level 1 in Dodging
   699 | D:2      | Reached XP level 3. HP: 29/29 MP: 3/3
  1305 | D:2      | Reached XP level 4. HP: 34/37 MP: 4/4
  1608 | D:3      | Reached skill level 4 in Shields
  1626 | D:3      | Reached XP level 5. HP: 23/42 MP: 5/5
  2088 | D:3      | Slain by an iguana

Skill      XL: |  1  2  3  4 |
---------------+-------------+-----
Dodging        | 1 2 |  2.5
Shields        | 4 |  4.1
Fighting       | |  3.9
Axes           | |  2.8
Armour         | |  3.7

Action                   |  1- 3 |  4- 6 || total
-------------------------+-------+-------++-------
Melee: War axe           |   106 |   126 ||   232
  Eat: Chunk             |     1 |     3 ||     4
Armor: Scale mail        |    20 |       ||    20
       Plate armour      |    38 |    59 ||    97
Dodge: Dodged            |    31 |    48 ||    79
Block: Shield            |    54 |    58 ||   112
